Map: Arctic Flowers LE

Players

Conchita

  • Race: Zerg Zerg
  • League: Master
  • Spawn Location: 7:00

GitHub

  • Race: Zerg Zerg
  • League: Diamond
  • Spawn Location: 7:00

Ekelpack - Winner!

  • Race: Zerg Zerg
  • Spawn Location: 1:00

Nyck - Winner!

  • Race: Terran Terran
  • Spawn Location: 1:00

VOD

Have the link to the VOD?

Description

Time

  • Played on: Feb. 25, 2025, 1:32 p.m.
  • Length: 17:30
Show
View Real Time Build Order
Export as new Build Order

Conchita Zerg 

Build Orders: Hatch First 

Get SALT Encoding   

  12  0:04  Drone  
  13  0:22  Drone  
  13  0:25  Overlord  
  14  0:43  Drone x2  
  16  0:54  Drone  
  18  0:57  Drone  
  18  1:06  Extractor  
  18  1:07  Drone, Hatchery  
  17  1:20  Spawning Pool  
  17  1:23  Drone  
  17  1:31  Drone  
  18  1:39  Drone  
  19  1:48  Overlord  
  20  2:01  Drone  
  20  2:08  Queen  
  20  2:09  Metabolic Boost  
  20  2:13  Drone  
  23  2:27  Zergling x2  
  23  2:28  Queen  
  26  2:30  Drone x2  
  28  2:38  Extractor  
  28  2:40  Drone  
  28  2:42  Drone x2  
  30  2:45  Queen  
  32  2:57  Roach Warren  
  31  3:02  Drone x3  
  34  3:19  Overlord x2  
  34  3:26  Zergling x2  
  35  3:31  Spine Crawler  
  34  3:40  Spine Crawler  
  32  3:44  Roach x2  
  32  3:45  Roach x4  
  32  3:48  Drone  
  43  4:10  Queen  
  43  4:11  Drone x2  
  43  4:12  Drone x4  
  43  4:13  Drone  
  52  4:26  Lair  
  52  4:28  Spore Crawler  
  52  4:30  Drone  
  52  4:32  Overlord  
  52  4:54  Spore Crawler  
  52  4:58  Spore Crawler  
  50  5:00  Spore Crawler  
  50  5:02  Spore Crawler  
  48  5:09  Extractor  
  47  5:15  Roach  
  47  5:16  Roach x5  
  47  5:20  Hatchery  
  58  5:25  Drone x2  
  58  5:27  Overlord x2  
  59  5:37  Pneumatized Carapace  
  59  5:49  Drone  
  60  5:50  Drone x2  
  60  5:55  Drone  
  60  5:56  Drone  
  64  6:00  Drone  
  64  6:03  Roach x2  
  64  6:04  Roach  
  71  6:15  Drone  
  71  6:16  Drone x3, Spore Crawler  
  74  6:20  Queen  
  74  6:23  Extractor  
  75  6:29  Hydralisk Den  
  74  6:39  Spore Crawler  
  73  6:42  Glial Reconstitution  
  73  6:47  Evolution Chamber  
  73  6:50  Evolution Chamber  
  71  7:01  Roach x2  
  75  7:02  Overlord x4  
  75  7:27  Drone x2  
  75  7:28  Drone  
  78  7:41  Hatchery, Roach x5  
  78  7:42  Roach  
  89  7:46  Spine Crawler  
  89  7:47  Spine Crawler, Spore Crawler  
  86  8:10  Roach x7  
  96  8:36  Drone x6  
  102  8:59  Drone  
  102  9:00  Drone x5, Queen  
  110  9:08  Zerg Missile Weapons Level 1  
  110  9:09  Zerg Ground Armor Level 1  
  110  9:18  Infestation Pit  
  110  9:19  Hydralisk x2  
  110  9:20  Overlord  
  113  9:37  Overlord x5  
  113  9:48  Extractor  
  68  10:28  Drone x5  
  57  10:29  Roach x9  
  75  10:36  Spine Crawler  
  75  10:37  Spine Crawler  
  73  10:47  Drone x3, Hatchery  
  75  10:55  Hive  
  75  10:59  Hatchery, Drone x2  
  75  11:00  Drone  
  77  11:05  Roach x5  
  77  11:08  Ravager x8  
  95  11:25  Overlord x5  
  95  11:37  Roach x5  
  105  11:41  Extractor  
  105  11:42  Drone x3  
  107  11:52  Roach  
  107  11:53  Roach x3  
  115  12:05  Roach x5  
  125  12:15  Spore Crawler  
  125  12:19  Roach  
  125  12:20  Roach x5  
  116  12:40  Roach x9  
  134  12:58  Roach x4  
  142  12:59  Roach x4  
  91  13:48  Extractor  
  74  13:51  Hatchery, Grooved Spines  
  74  13:52  Hydralisk x7  
  74  13:53  Hydralisk x6  
  99  13:57  Extractor  
  98  14:14  Drone x2  
  98  14:15  Drone x4, Spore Crawler x2  
  102  14:20  Zerg Missile Weapons Level 2  
  102  14:29  Hydralisk x4  
  110  14:41  Muscular Augments  
  110  14:48  Zerg Ground Armor Level 2  
  110  14:52  Spore Crawler  
  110  14:54  Drone x8, Spore Crawler  
  116  15:11  Queen  
  118  15:25  Drone x3  
  118  15:28  Extractor  
  98  15:47  Roach  
  98  15:48  Roach x16  
  116  15:54  Roach x2  
  116  15:55  Roach  
  110  16:09  Hydralisk x4  
  110  16:10  Roach  
  120  16:28  Hydralisk  
  120  16:29  Hydralisk x5  
  130  16:44  Roach x6  
Show
View Real Time Build Order
Export as new Build Order

GitHub Zerg 

Build Orders: Hatch First, Lurkers 

Get SALT Encoding   

  12  0:02  Drone  
  13  0:12  Overlord  
  13  0:22  Overlord  
  13  0:25  Drone  
  14  0:36  Drone x2  
  16  0:46  Drone  
  17  1:02  Drone  
  18  1:04  Hatchery  
  18  1:07  Drone  
  18  1:12  Extractor  
  17  1:22  Spawning Pool  
  17  1:24  Drone  
  17  1:30  Drone  
  18  1:39  Drone  
  19  1:54  Drone  
  20  2:02  Drone  
  21  2:08  Queen  
  21  2:13  Drone  
  24  2:16  Queen  
  26  2:28  Metabolic Boost  
  26  2:32  Hatchery, Zergling x2  
  26  2:36  Zergling x2  
  27  2:39  Zergling x2  
  27  2:43  Drone  
  29  2:45  Drone  
  29  2:46  Drone  
  31  2:57  Drone, Zergling x2  
  33  3:02  Lair  
  33  3:08  Drone  
  33  3:09  Drone, Extractor  
  34  3:14  Overlord  
  34  3:18  Drone  
  35  3:22  Drone  
  36  3:34  Drone x2, Baneling Nest  
  37  3:36  Drone x2  
  38  3:41  Queen  
  40  3:50  Drone x2  
  40  3:51  Overlord  
  42  4:03  Drone  
  42  4:04  Drone x6  
  49  4:18  Hydralisk Den  
  49  4:19  Drone x2  
  49  4:20  Drone x2  
  49  4:21  Drone  
  49  4:23  Extractor  
  52  4:24  Extractor  
  52  4:25  Drone x2  
  53  4:41  Drone  
  53  4:42  Overlord  
  54  4:50  Lurker Den  
  53  4:58  Drone x3  
  56  5:03  Spore Crawler  
  56  5:06  Spore Crawler  
  54  5:08  Spore Crawler  
  54  5:10  Spore Crawler, Drone  
  54  5:11  Drone x3  
  54  5:13  Muscular Augments  
  56  5:21  Hydralisk x2  
  56  5:23  Drone  
  56  5:24  Drone x2  
  56  5:27  Extractor  
  62  5:29  Overlord x4, Extractor  
  62  5:32  Spore Crawler  
  62  5:34  Spore Crawler  
  59  5:37  Drone, Spore Crawler  
  59  5:43  Overlord  
  59  5:44  Spore Crawler  
  58  5:52  Hydralisk x2  
  58  5:56  Hydralisk  
  58  5:57  Hydralisk  
  66  6:05  Hydralisk x2  
  66  6:08  Hydralisk  
  72  6:13  Hydralisk x2  
  72  6:17  Grooved Spines  
  76  6:19  Hydralisk  
  76  6:21  Hydralisk  
  80  6:26  Overlord  
  80  6:30  Nydus Network  
  80  6:31  Hydralisk  
  81  6:38  Hydralisk  
  83  6:41  Drone  
  83  6:42  Drone x2  
  83  6:43  Drone x2  
  83  6:45  Drone  
  89  6:53  Hydralisk x2  
  93  6:59  Baneling  
  93  7:01  Overlord x3  
  93  7:10  Overlord x2  
  93  7:20  Lurker  
  93  7:21  Lurker x2  
  93  7:22  Lurker x3  
  99  7:26  Drone x3  
  99  7:27  Drone x2  
  104  7:37  Hydralisk x3  
  104  7:41  Lurker  
  107  7:51  Evolution Chamber  
  107  7:56  Lurker x2  
  100  8:02  Nydus Canal  
  96  8:06  Hydralisk x2  
  96  8:08  Drone x3, Overlord  
  96  8:09  Overlord x2  
  103  8:25  Hydralisk x2  
  103  8:26  Hydralisk  
  108  8:44  Hydralisk x4  
  101  9:01  Hydralisk x2  
  89  9:09  Drone x2  
  91  9:13  Hatchery  
  90  9:22  Hydralisk x2  
  94  9:24  Hatchery  
  94  9:27  Hydralisk x2  
  97  9:39  Overlord  
  97  9:41  Zergling x2  
  98  9:48  Zergling x2  
  98  9:49  Zergling x2  
  100  9:56  Hydralisk  
  100  9:57  Hydralisk  
  72  10:32  Hydralisk x3  
  72  10:33  Hydralisk x3  
  80  10:41  Lurker x4  
  84  10:44  Drone x2  
  84  10:46  Queen  
  84  10:47  Drone  
  84  10:49  Extractor  
  88  10:54  Drone x2, Evolution Chamber  
  88  10:56  Evolution Chamber, Zerg Missile Weapons Level 1  
  88  11:01  Hydralisk  
  88  11:02  Hydralisk  
  92  11:05  Drone x2  
  92  11:06  Overlord  
  92  11:07  Overlord  
  92  11:08  Overlord  
  94  11:12  Hydralisk  
  94  11:15  Lurker x4  
  100  11:24  Hydralisk x3  
  100  11:25  Hydralisk  
  108  11:27  Overlord  
  108  11:32  Drone x2  
  108  11:33  Drone x3  
  107  11:40  Hydralisk  
  107  11:41  Hydralisk  
  107  11:46  Hydralisk  
  110  11:51  Hatchery  
  110  11:53  Hydralisk x2  
  111  11:59  Hydralisk x2  
  119  12:02  Hydralisk  
  119  12:08  Hydralisk x2  
  121  12:10  Hydralisk  
  127  12:17  Hydralisk x2  
  127  12:19  Hydralisk  
  122  12:40  Hydralisk x5  
  122  12:41  Hydralisk  
  122  12:42  Overlord x2  
  134  12:58  Hydralisk x4  
  140  13:06  Hydralisk  
  140  13:07  Hydralisk x2  
  144  13:13  Lurker  
  144  13:15  Lurker  
  144  13:16  Lurker  
  144  13:17  Lurker x3  
  144  13:18  Drone x3  
  144  13:19  Drone x2  
  116  13:32  Overseer  
  116  13:33  Infestation Pit  
  104  13:38  Lurker, Hydralisk  
  104  13:39  Hydralisk  
  106  13:45  Overlord x3  
  106  13:50  Drone x4  
  106  13:54  Extractor  
  109  13:56  Spore Crawler, Extractor  
  109  13:57  Spore Crawler  
  109  13:58  Spore Crawler  
  102  14:04  Hydralisk x3  
  102  14:05  Hydralisk x2  
  112  14:11  Hive  
  112  14:17  Hydralisk x2  
  112  14:18  Hydralisk  
  118  14:28  Hydralisk x2  
  118  14:30  Drone x3  
  118  14:31  Drone  
  126  14:40  Hydralisk x4  
  134  14:52  Hydralisk x3  
  138  14:54  Drone x4  
  138  14:55  Drone  
  139  15:08  Hydralisk x4  
  147  15:22  Overseer  
  126  15:52  Lurker x2  
  126  15:53  Lurker x3, Hydralisk  
  126  15:54  Hydralisk x3  
  108  16:26  Lurker x3  
  108  16:27  Lurker  
  112  16:33  Hatchery  
Show
View Real Time Build Order
Export as new Build Order

Ekelpack Zerg - Winner!

Build Orders: Hatch First 

Get SALT Encoding   

  12  0:00  Drone  
  13  0:13  Overlord  
  13  0:17  Drone  
  14  0:32  Drone x2  
  14  0:35  Drone  
  17  0:52  Drone  
  17  0:55  Hatchery  
  17  1:00  Drone, Extractor  
  17  1:13  Spawning Pool  
  17  1:15  Drone  
  17  1:19  Drone  
  18  1:31  Drone  
  20  1:40  Drone  
  20  1:51  Overlord  
  20  2:00  Queen  
  22  2:07  Queen  
  24  2:09  Drone  
  24  2:12  Metabolic Boost  
  25  2:26  Drone  
  25  2:28  Drone x3  
  29  2:31  Drone  
  30  2:38  Lair  
  30  2:42  Overlord  
  30  2:54  Extractor  
  30  2:56  Zergling x6  
  32  3:01  Extractor  
  32  3:02  Zergling x4  
  33  3:10  Drone x3  
  36  3:17  Drone  
  37  3:20  Drone x3  
  37  3:21  Overlord  
  40  3:32  Drone  
  41  3:36  Drone  
  41  3:37  Extractor  
  41  3:41  Spire  
  41  3:43  Drone x2  
  42  3:49  Drone x3  
  42  3:52  Drone  
  42  4:12  Zergling x10  
  47  4:25  Zergling x2, Overlord x2  
  47  4:29  Zergling x6  
  51  4:31  Overlord  
  51  4:43  Overlord  
  51  4:53  Mutalisk x3  
  51  4:54  Mutalisk x2  
  51  4:56  Overlord  
  61  5:10  Drone  
  61  5:11  Drone x2  
  61  5:12  Zerg Flyer Weapons Level 1  
  64  5:26  Mutalisk  
  64  5:27  Mutalisk  
  68  5:43  Mutalisk  
  68  5:45  Zergling x14  
  68  5:46  Zergling x4  
  79  5:51  Hatchery  
  78  6:02  Overlord x3  
  77  7:02  Mutalisk x3  
  77  7:03  Overlord, Mutalisk x2  
  77  7:04  Zergling x6, Overlord  
  77  7:05  Zergling x6  
  77  7:06  Drone  
  77  7:07  Queen  
  96  7:19  Drone  
  96  7:20  Drone x4  
  101  7:43  Drone x6  
  107  7:45  Infestation Pit  
  93  8:15  Extractor  
  93  8:17  Extractor  
  91  8:26  Overseer x2  
  91  8:27  Overseer  
  91  8:34  Spire  
  74  8:57  Lair  
  73  9:15  Drone x5  
  73  9:16  Drone  
  79  9:28  Hatchery  
  78  9:43  Drone  
  79  9:48  Mutalisk x3  
  79  9:49  Mutalisk x4  
  93  9:58  Mutalisk  
  84  10:50  Overlord x5  
  84  10:57  Drone x3  
  87  11:15  Spire  
  86  12:02  Drone x4  
  86  12:03  Drone x2  
  86  12:04  Drone x3  
  95  12:25  Evolution Chamber  
  95  12:27  Evolution Chamber  
  95  12:28  Hydralisk Den  
  90  12:39  Pneumatized Carapace  
  90  12:43  Mutalisk x4  
  90  12:44  Mutalisk x6  
  94  12:45  Mutalisk x7  
  94  12:46  Mutalisk x4  
  132  12:56  Hatchery  
  131  13:02  Hatchery  
  92  13:37  Hydralisk x5  
  92  13:38  Hydralisk x7  
  92  13:39  Hydralisk x3  
  122  13:45  Zerg Ground Armor Level 1, Zerg Missile Weapons Level 1  
  122  14:05  Extractor  
  122  14:06  Grooved Spines  
  122  14:09  Zergling x6  
  124  14:14  Lair  
  125  14:17  Drone  
  125  14:19  Drone x3  
  125  14:20  Drone x4  
  132  14:48  Zergling x10  
  132  14:49  Zergling x4  
  139  14:57  Muscular Augments  
  129  15:08  Zergling x8  
  131  15:29  Hydralisk x3  
  131  15:30  Hydralisk x3  
  143  15:43  Hydralisk x4  
  146  15:51  Queen, Extractor  
  120  16:05  Hydralisk x5  
  124  16:26  Hydralisk  
  124  16:27  Hydralisk x5  
  124  16:30  Drone x3  
Show
View Real Time Build Order
Export as new Build Order

Nyck Terran - Winner!

Build Orders:  

Get SALT Encoding   

  12  0:00  SCV  
  13  0:12  SCV  
  14  0:18  Supply Depot  
  14  0:24  SCV  
  15  0:40  SCV  
  15  0:42  Barracks  
  16  0:50  Refinery  
  16  0:52  SCV  
  17  1:01  Barracks  
  18  1:04  SCV  
  18  1:17  SCV  
  19  1:27  Barracks  
  19  1:29  Orbital Command  
  19  1:36  Barracks Tech Lab  
  19  1:49  Supply Depot  
  19  1:57  Engineering Bay  
  19  1:58  SCV  
  20  2:02  Combat Shield  
  20  2:10  SCV  
  21  2:17  Refinery  
  21  2:20  Barracks Reactor  
  21  2:23  Supply Depot  
  21  2:26  SCV  
  22  2:39  SCV  
  23  2:45  Marine  
  23  2:50  Supply Depot  
  24  2:51  SCV  
  24  2:57  Terran Infantry Armor Level 1  
  25  3:01  Marine x2  
  25  3:04  Barracks Reactor  
  27  3:07  SCV  
  28  3:14  Marine  
  29  3:21  Supply Depot  
  29  3:26  Stimpack  
  29  3:27  Marine x2  
  31  3:42  Marine x2  
  31  3:43  Marine  
  31  3:48  Command Center  
  34  3:51  Marine x2  
  36  4:01  Marine x2  
  38  4:12  Factory  
  38  4:14  Marine x2  
  40  4:18  Marauder  
  42  4:25  Marine x2  
  44  4:37  SCV  
  45  4:45  Marine x2, Marauder  
  47  4:46  Marine x2  
  47  4:49  SCV  
  47  4:52  Terran Infantry Weapons Level 1  
  52  4:58  Starport  
  52  4:59  Factory Reactor  
  52  5:03  SCV  
  52  5:06  Orbital Command, Concussive Shells  
  53  5:16  SCV  
  53  5:17  Marine x3  
  53  5:19  Marine  
  58  5:28  SCV, Marauder  
  61  5:34  Refinery  
  61  5:36  SCV  
  61  5:37  Refinery  
  61  5:41  SCV  
  63  5:50  Starport  
  63  5:55  SCV x2  
  63  5:56  Factory Reactor  
  65  6:00  Medivac x2  
  69  6:12  SCV  
  69  6:17  Supply Depot  
  70  6:37  Command Center  
  70  6:39  SCV, Medivac x2  
  75  6:40  Supply Depot  
  75  6:56  Armory  
  75  7:00  Engineering Bay  
  75  7:03  Supply Depot  
  75  7:08  SCV x2  
  77  7:09  Marine x4  
  77  7:11  Marauder, Medivac  
  85  7:21  SCV  
  86  7:25  SCV, Medivac  
  86  7:26  Supply Depot  
  89  7:36  SCV  
  90  7:57  SCV x2  
  92  7:58  Orbital Command  
  92  8:05  Marine x3, Marauder  
  95  8:06  Marine  
  95  8:11  SCV x2  
  104  8:28  Liberator x3  
  104  8:29  Liberator  
  108  9:17  Terran Ship Weapons Level 1  
  108  9:18  Terran Infantry Armor Level 2, Terran Infantry Weapons Level 2  
  108  9:20  Command Center  
  108  9:24  SCV x3  
  108  9:26  Marine x4, Marauder  
  117  9:41  Command Center  
  117  9:42  Supply Depot  
  117  9:50  SCV  
  117  9:52  SCV  
  105  10:05  Supply Depot  
  89  10:25  Marine  
  89  10:26  Orbital Command, Marine x4  
  89  10:28  Medivac x4  
  96  10:29  Supply Depot  
  102  10:39  Planetary Fortress  
  102  10:41  SCV  
  103  10:43  Marine x5  
  103  10:49  SCV  
  109  10:52  Supply Depot  
  109  10:53  SCV  
  110  10:58  Medivac  
  110  11:01  SCV, Marine x5  
  118  11:06  Barracks  
  118  11:07  Barracks x2  
  118  11:12  Planetary Fortress  
  118  11:14  Supply Depot, SCV x2  
  120  11:19  Marine x5, Medivac  
  120  11:24  SCV x2  
  129  11:27  SCV  
  129  11:28  SCV  
  129  11:30  Medivac  
  133  11:36  Marine  
  133  11:37  Marine x4  
  133  11:39  Supply Depot  
  138  11:50  Refinery  
  138  11:51  SCV x5  
  138  11:52  Refinery  
  138  11:53  Refinery  
  138  11:54  Marine, Medivac x2  
  147  11:55  Marine x3  
  152  12:02  Supply Depot, Barracks Reactor x3  
  152  12:03  SCV x2  
  153  12:09  Barracks Tech Lab  
  153  12:10  Barracks Tech Lab x2  
  153  12:13  SCV x3  
  156  12:15  SCV  
  156  12:16  SCV, Refinery  
  156  12:22  Refinery  
  158  12:25  SCV x3, Refinery  
  158  12:26  Supply Depot, Marine x4  
  158  12:28  SCV x2  
  135  12:37  SCV  
  136  12:50  Supply Depot  
  134  13:04  Marine  
  134  13:05  Marine x3  
  137  13:06  Marauder x2  
  137  13:07  Marauder x2  
  146  13:14  Supply Depot  
  146  13:16  Medivac x4  
  154  13:22  Marine  
  154  13:23  Marine x3  
  154  13:27  Marine  
  154  13:28  Marauder x3  
  145  13:42  Marine  
  145  13:43  Marine x3  
  145  13:45  Marauder  
  145  13:46  Medivac  
  145  13:48  Terran Infantry Armor Level 3, Terran Infantry Weapons Level 3  
  152  13:49  Marauder  
  152  13:52  Marine x2, Ghost Academy  
  156  13:58  SCV  
  156  13:59  SCV x2  
  156  14:00  Marine x2  
  156  14:01  Marine  
  162  14:03  SCV x2  
  162  14:06  Marine  
  162  14:08  Marine  
  166  14:10  SCV  
  166  14:11  SCV  
  166  14:16  SCV x2  
  170  14:17  SCV  
  170  14:19  Medivac x3  
  170  14:20  Medivac  
  179  14:35  Marine x2  
  179  14:36  Marine x2, Ghost x2  
  179  14:37  Ghost x2  
  195  14:40  Personal Cloaking  
  195  14:50  Command Center  
  195  14:53  Marine x2  
  197  15:00  Command Center  
  197  15:05  Ghost  
  200  15:26  Terran Vehicle And Ship Armor Level 1  
  175  15:59  Ghost  
  175  16:00  Ghost x3  
  149  17:05  Marine  
  149  17:06  Marine x3  
Tags
 
Add a new tag
Caveats
  • Supply blocks, unpowered buildings, or Contaminate may cause inaccurate times.
  • Supply counts are checked every 10 seconds.